 Dungeon Crawl Stone Soup version 0.22-a0-439-gac93bac (webtiles) character file.

128 Ijustatesigmund the Skirmisher (level 5, -1/55 HPs)
             Began as an Ogre Artificer on May 29, 2018.
             Killed themself with a badly aimed fireball (8 damage)
             ... on level 4 of the Dungeon.
             The game lasted 00:05:42 (3498 turns).

Ijustatesigmund the Skirmisher (Ogre Artificer)     Turns: 3498, Time: 00:05:42

Health: -1/55      AC:  3    Str: 16    XL:     5   Next: 12%
Magic:  6/6        EV:  9    Int: 12    God:
Gold:   103        SH:  0    Dex: 10    Spells: 4/4 levels left

rFire    . . .     SeeInvis .   a - +0 mace
rCold    . . .     Gourm    .   (no shield)
rNeg     . . .     Faith    .   b - +0 robe
rPois    .         Spirit   .   (helmet restricted)
rElec    .         Reflect  .   (no cloak)
rCorr    .         Harm     .   (gloves unavailable)
MR       .....                  (boots unavailable)
Stlth    +.........             (no amulet)
HPRegen  0.18/turn              (no ring)
MPRegen  0.10/turn              (no ring)

@: drained
A: large, unfitting armour, tough skin 1
a: no special abilities


You were on level 4 of the Dungeon.
You were not hungry.

You visited 1 branch of the dungeon, and saw 4 of its levels.

You collected 103 gold pieces.

Inventory:

Hand Weapons
 a - a +0 mace (weapon)
Armour
 b - a +0 robe (worn)
Wands
 c - a wand of flame (7)
 d - a wand of enslavement (9)
 e - a wand of random effects (14)
Scrolls
 i - 4 scrolls of remove curse
Potions
 g - 2 potions of haste
 h - 2 potions of brilliance
 j - a potion of resistance
 l - a potion of curing
 m - a potion of might
Comestibles
 f - 4 rations


   Skills:
 + Level 4.8(3.7) Fighting
   Level 0.8(0.0) Short Blades
 + Level 2.6(1.6) Maces & Flails
 - Level 1.7(0.8) Dodging
 - Level 0.6(0.0) Stealth
 - Level 2.4(1.4) Evocations


You had 4 spell levels left.
You didn't know any spells.
Your spell library was empty.

Dungeon Overview and Level Annotations

Branches:
Dungeon (4/15)
 Temple: D:4-7

Altars:
Kikubaaqudgha


Innate Abilities, Weirdness & Mutations

You are too large for most types of armour.
You have tough skin. (AC +1)


Message History

The orc barely misses you.
You barely miss the orc. The orc hits you with a club.
You hit the orc but do no damage. The orc hits you but does no damage.
You barely miss the orc. The orc hits you with a club.
You hit the orc but do no damage. The orc hits you but does no damage.
You closely miss the orc. The orc hits you with a club. x2
* * * LOW HITPOINT WARNING * * *
You closely miss the orc. The orc closely misses you.
You barely miss the orc. The orc hits you with a club!
* * * LOW HITPOINT WARNING * * *
Evoke which item? (* to show all) (? for menu, Esc to quit)
Aiming: Random Effects
Press: ? - help, Shift-Dir - straight line, f - orc
Aim: an orc, wielding a club and wearing a ring mail The fireball explodes!
The fireball engulfs the orc.
You kill the orc!
The fireball engulfs the orc.
The orc is heavily wounded.
The fireball engulfs you!
You die...

.# ##...##
#####.##### .#
##+# #.# .#
#.# #.# #.#
#.# . #.#
#...########.#
#....o)@.....#
#.############


You could see an orc.

Vanquished Creatures
  An orc priest (D:4)
  An orc wizard (D:4)
  An adder (D:2)
  2 dart slugs
  2 leopard geckos
  5 orcs (D:4)
  3 giant cockroaches
  5 goblins (D:1)
  5 hobgoblins
  7 bats
  4 frilled lizards
  8 kobolds
  5 rats (D:1)
49 creatures vanquished.

Vanquished Creatures (collateral kills)
  A bat (D:2)
1 creature vanquished.

Vanquished Creatures (others)
  2 orcs (D:4)
  A kobold (D:2)
3 creatures vanquished.

Grand Total: 53 creatures vanquished

Notes
Turn   | Place    | Note
-------+----------+-------------------------------------------
     0 | D:1      | Ijustatesigmund the Ogre Artificer began the quest for the Orb.
     0 | D:1      | Reached XP level 1. HP: 19/19 MP: 2/2
   201 | D:1      | Reached skill level 2 in Fighting
   450 | D:1      | Reached XP level 2. HP: 10/29 MP: 3/3
   933 | D:1      | Reached skill level 3 in Fighting
  1218 | D:1      | Reached skill level 1 in Maces & Flails
  1239 | D:1      | Reached XP level 3. HP: 24/37 MP: 4/4
  2227 | D:2      | Found an ancient bone altar of Kikubaaqudgha.
  3008 | D:3      | Reached XP level 4. HP: 42/48 MP: 5/5
  3271 | D:4      | Reached skill level 4 in Fighting
  3484 | D:4      | Reached XP level 5. HP: 35/55 MP: 6/6
  3498 | D:4      | Killed themself with a badly aimed fireball

Vault maps used:
D:1:      shiori_shiawase
D:2:      kiku_gazebo_pond_becter, first_ration
D:4:      kennysheep_mini, lemuel_blue_sif_altar, lemuel_doored_altar,
          hangedman_decor_lopped

Skill      XL: |  1  2  3  4 |
---------------+-------------+-----
Fighting       | 2 3 4 |  4.8
Maces & Flails | 1 2 |  2.6
Short Blades   | |  0.8
Dodging        | |  1.7
Stealth        | |  0.6
Evocations     | |  2.4

Action                   |  1- 3 |  4- 6 || total
-------------------------+-------+-------++-------
Melee: Short sword       |    21 |       ||    21
       Club              |   128 |       ||   128
       Mace              |    15 |    37 ||    52
Evoke: Wand              |     8 |     7 ||    15
  Use: Scroll            |     7 |     2 ||     9
 Stab: Sleeping          |     3 |       ||     3
  Eat: Chunk             |     3 |     2 ||     5
       Ration            |     1 |       ||     1
Armor: Robe              |    76 |     6 ||    82
Dodge: Dodged            |   132 |    16 ||   148

Table legend:
 A = Spawn XP
 B = Non-spawn XP
 C = Spawn XP percentage of total XP
 D = Spawn monster count
 E = Non-spawn monster count
 F = Spawn count percentage of total count
 G = Total turns spent on level
                    A         B        C        D         E        F      G
               +---------+---------+-------+---------+---------+-------+---------
         Total |       0 |     184 |   0.0 |       0 |      52 |   0.0 |  3498
               +---------+---------+-------+---------+---------+-------+---------
           D:1 |       0 |      44 |   0.0 |       0 |      26 |   0.0 |  1656
           D:2 |       0 |      27 |   0.0 |       0 |      10 |   0.0 |   818
           D:3 |       0 |      11 |   0.0 |       0 |       6 |   0.0 |   713
           D:4 |       0 |     102 |   0.0 |       0 |      10 |   0.0 |   311
               +---------+---------+-------+---------+---------+-------+---------
